 Dungeon Crawl Stone Soup version 0.18-a0-1120-g03bd624 (webtiles) character file.

2219 root the Shield-Bearer (level 9, -3/69 HPs)
             Began as a Formicid Fighter on Jan 17, 2016.
             Was a Priest of Okawaru.
             Killed by nerve-wracking pain
             ... invoked by an orc priest
              (14 damage)
             ... on level 8 of the Dungeon.
             The game lasted 00:27:25 (5946 turns).

root the Shield-Bearer (Formicid Fighter)           Turns: 5946, Time: 00:27:25

Health: -3/69      AC: 11    Str: 22    XL:     9   Next: 61%
Magic:  7/9        EV: 15    Int:  7    God:    Okawaru [***...]
Gold:   414        SH: 13    Dex: 13    Spells: 0 memorised, 8 levels left

rFire  . . .     SeeInvis +     a - +0 quarterstaff
rCold  . . .     Gourm    .     C - +1 scale mail of the Poles {rCorr}
rNeg   . . .     Faith    .     c - +0 shield
rPois  .         Spirit   .     (helmet unavailable)
rElec  .         Dismiss  .     (no cloak)
rCorr  +         Reflect  .     Q - +0 pair of gloves
SustAt .         Harm     .     (no boots)
MR     .....                    (no amulet)
Stlth  ++........               (no ring)
                                (no ring)

@: heroism, not resistant to hostile enchantments, unstealthy
A: permanent stasis, dig shafts and tunnels, four strong arms, antennae 3
a: Dig, Shaft Self, Heroism, Renounce Religion


You were on level 8 of the Dungeon.
You worshipped Okawaru.
Okawaru was most pleased with you.
You were hungry.

You visited 2 branches of the dungeon, and saw 9 of its levels.
You also visited: Sewer.

You collected 438 gold pieces.
You spent 24 gold pieces at shops.

Inventory:

Hand Weapons
 a - a +0 quarterstaff (weapon)
 s - a +0 hunting sling of freezing
Missiles
 e - 32 sling bullets
 q - 178 stones (quivered)
Armour
 b - a +0 scale mail
 c - a +0 shield (worn)
 C - the +1 scale mail of the Poles (worn) {rCorr}
   (You found it on level 5 of the Dungeon)

   It protects you from acid and corrosion.
 Q - a +0 pair of gloves (worn)
Jewellery
 p - an uncursed ring of fire {unknown}
 z - an uncursed amulet of regeneration {unknown}
 N - a cursed -3 ring of strength {unknown}
 R - the ring of Hesucumu {rPois rN+, unknown}
   (You found it on level 7 of the Dungeon)

   [ring of positive energy]

   It protects you from poison.
   It protects you from negative energy.
Wands
 D - a wand of fire (6/15)
 F - a wand of paralysis (18/24)
Scrolls
 i - 2 scrolls of recharging {unknown}
 k - 5 scrolls of remove curse {unknown}
 m - 2 scrolls of noise {unknown}
 r - 2 scrolls of magic mapping {unknown}
 t - 6 scrolls of identify
 x - 2 scrolls of random uselessness {unknown}
 y - a scroll of teleportation {unknown}
 E - a scroll of fog {unknown}
 G - a scroll of amnesia {unknown}
 J - a scroll of enchant armour {unknown}
 O - a scroll of blinking {unknown}
Potions
 d - 2 potions of might
 g - 2 potions of poison {unknown}
 h - 3 potions of heal wounds {unknown}
 l - a potion of ambrosia {unknown}
 o - 2 potions of curing {unknown}
 u - 2 potions of cure mutation {unknown}
 v - 2 potions of cancellation {unknown}
 w - 2 potions of haste {unknown}
 A - 3 potions of flight {unknown}
 B - a potion of agility {unknown}
 H - 2 potions of mutation {unknown}
 I - 2 potions of magic {unknown}
 L - 2 potions of lignification {unknown}
 M - a potion of brilliance {unknown}
Books
 S - a book of Hinderance

   Spells                             Type                      Level
   a - Confusing Touch                Hexes                        2
   b - Confuse                        Hexes                        3
   c - Gell's Gravitas                Hexes/Translocation          3
   d - Petrify                        Transmutation/Earth          4
   e - Metabolic Englaciation         Hexes/Ice                    5
   f - Yara's Violent Unravelling     Hexes/Transmutation          5
Comestibles
 f - 6 bread rations
 j - 4 beef jerkies
 n - 3 meat rations
 K - a slice of pizza
 P - 2 royal jellies
 T - 4 chunks of flesh


   Skills:
 + Level 6.2(11.2) Fighting
 + Level 6.1(11.1) Staves
 + Level 2.3(7.3) Slings
 + Level 6.9(11.9) Armour
 + Level 4.0(9.0) Dodging
 + Level 1.3(6.3) Stealth
 + Level 7.2(12.2) Shields
 + Level 1.2 Invocations


You had 8 spell levels left.
You didn't know any spells.

Dungeon Overview and Level Annotations

Branches:
Dungeon (8/15)             Temple (1/1) D:5
   Lair: D:8-11

Altars:
Ashenzari
Elyvilon
Fedhas
Gozag
Kikubaaqudgha
Nemelex Xobeh
Okawaru
Pakellas
Qazlal
Ru
Sif Muna
Vehumet
Xom
Zin

Shops:
D:4 *

Annotations:
D:7 Joseph


Innate Abilities, Weirdness & Mutations

You are under a permanent stasis effect.
You can dig through walls and to a lower floor.
Your four strong arms can wield two-handed weapons with a shield.
You have a pair of large antennae on your head (SInv).


Message History

You hit the orc priest but do no damage.
The orc priest is lightly wounded.
You block the orc's attack. The orc closely misses you.
The orc priest casts a cantrip, but nothing happens.
You gain the combat prowess of a mighty hero.
You feel slightly more hungry. The orc barely misses you.
The orc hits you but does no damage. You block the orc priest's attack.
The orc hits you but does no damage.
You hit the orc priest but do no damage.
The orc priest is lightly wounded.
The orc hits you but does no damage. You block the orc priest's attack.
You barely miss the orc priest.
The orc priest is lightly wounded.
You block the orc's attack.
You hit the orc priest.
The orc priest is moderately wounded.
You block the orc's attack.
The orc priest invokes the aid of Beogh against you.
Pain shoots through your body!
You die...

.. ...# ...
#+### ...#
...##...##...#
.............#
.............#
.............#
.......o.....#
......o@.....#
...##.o.##...#
#...# .# #....
..... #.....#
#.....#
#.....#


You could see an orc priest and 2 orcs.

Vanquished Creatures
  Grinder (D:4)
  A hippogriff (D:7)
  4 ice beasts
  An orc warrior (D:6)
  Purgy (Sewer)
  A phantom (D:7)
  2 ogres (D:6)
  The ghost of root the Shield-Bearer, an amateur FoFi (D:7)
  Blork the orc (D:4)
  A scorpion (D:6)
  5 crimson imps
  2 giant frog zombies
  A wasp zombie (D:5)
  A giant frog skeleton (D:5)
  5 orc wizards
  An iguana (D:6)
  Natasha (thrice) (D:4)
  2 worker ants
  8 gnolls
  8 adders
  3 shadow imps
  3 oozes
  An adder skeleton (D:5)
  A worm (D:5)
  5 giant geckos
  17 orcs
  10 bats
  7 giant cockroaches
  5 hobgoblins
  6 kobolds
  A ball python (D:3)
  A giant gecko zombie (D:5)
  8 giant newts
  6 goblins
  A quokka zombie (D:5)
  4 rats
129 creatures vanquished.

Notes
Turn   | Place    | Note
--------------------------------------------------------------
     0 | D:1      | root the Formicid Fighter began the quest for the Orb.
     0 | D:1      | Reached XP level 1. HP: 18/18 MP: 1/1
   135 | D:2      | Reached XP level 2. HP: 24/24 MP: 2/2
   348 | D:2      | Reached skill level 4 in Shields
   348 | D:2      | Reached XP level 3. HP: 13/29 MP: 3/3
   688 | D:4      | Noticed Natasha
   694 | D:4      | Killed Natasha
   694 | D:4      | Reached XP level 4. HP: 25/37 MP: 4/4
   708 | D:4      | Noticed Natasha
   719 | D:4      | Killed Natasha
   954 | D:4      | Reached XP level 5. HP: 42/42 MP: 5/5
   989 | D:4      | Noticed Natasha
   991 | D:4      | Noticed Grinder
  1014 | D:4      | Killed Natasha
  1048 | D:4      | Noticed Blork the orc
  1056 | D:4      | Killed Blork the orc
  1056 | D:4      | Reached skill level 1 in Dodging
  1056 | D:4      | Reached XP level 6. HP: 31/49 MP: 6/6
  1170 | D:4      | Found Dyumoyng's General Store.
  1178 | D:4      | Bought a scroll of identify for 24 gold pieces
  1347 | D:5      | Entered Level 5 of the Dungeon
  1526 | D:5      | Found a staircase to the Ecumenical Temple.
  1538 | Temple   | Entered the Ecumenical Temple
  1572 | Temple   | Became a worshipper of Warmaster Okawaru
  1615 | D:5      | Found a glowing drain.
  1646 | Sewer    | Entered a sewer
  1701 | Sewer    | Noticed Purgy
  1712 | Sewer    | Killed Purgy
  1712 | Sewer    | Reached skill level 1 in Stealth
  1930 | D:5      | Found an opulent altar of Gozag.
  2019 | D:5      | Reached XP level 7. HP: 49/55 MP: 7/7
  2090 | D:5      | Reached skill level 5 in Shields
  2122 | D:5      | Reached skill level 5 in Fighting
  2122 | D:5      | Reached skill level 5 in Armour
  2127 | D:5      | Got a pitted scale mail
  2138 | D:5      | Identified the +1 scale mail of the Poles {rCorr} (You found it on level 5 of the Dungeon)
  2333 | D:5      | Reached * piety under Okawaru
  2991 | D:4      | Killed Grinder
  2991 | D:4      | Reached XP level 8. HP: 50/62 MP: 8/8
  3033 | D:3      | Found a sparkling altar of Nemelex Xobeh.
  3363 | D:3      | Found an ancient bone altar of Kikubaaqudgha.
  3363 | D:3      | Found a sacrificial altar of Ru.
  3500 | D:2      | Reached skill level 6 in Armour
  4649 | D:6      | Reached ** piety under Okawaru
  4649 | D:6      | Reached skill level 1 in Slings
  5029 | D:6      | Reached XP level 9. HP: 62/68 MP: 6/9
  5033 | D:6      | Reached skill level 5 in Staves
  5335 | D:6      | Reached skill level 7 in Shields
  5516 | D:7      | Noticed root's ghost (amateur FoFi)
  5524 | D:7      | Killed root's ghost
  5524 | D:7      | Reached skill level 1 in Invocations
  5617 | D:7      | Got a transparent wooden ring
  5702 | D:7      | Reached *** piety under Okawaru
  5887 | D:7      | Noticed Joseph
  5946 | D:8      | Killed from afar by an orc priest

Vault maps used:
D:1:      minmay_arrival_stone_box, minmay_misc_feat_square
D:3:      gammafunk_temple_overflow_elements, nemelex_xobeh_ov_fountains_minmay
D:4:      serial_shops, shop, uniq_grinder, uniq_natasha, uniq_blork_the_orc
D:5:      minmay_temple_entry_large_hall, gup_sewer_entry_glass, first_bread,
          minmay_misc_feat_hallway, nrook_loot_triangle, lemuel_tele_altar
D:6:      glass_columns_b
D:7:      serial_glass, glass_columns_a, glass_columns_a, the_bakery,
          kennysheep_generic_room_8, uniq_joseph
D:8:      minmay_small_thing
Temple:   kilobyte_greek_temple_18
Sewer:    kennysheep_door_sewer

Action                   |  1- 3 |  4- 6 |  7- 9 || total
-------------------------+-------+-------+-------++-------
Melee: Quarterstaff      |    66 |   111 |   452 ||   629
 Fire: Hunting sling     |       |     2 |    28 ||    30
Invok: Heroism           |       |       |     5 ||     5
 Abil: Dig               |       |       |     4 ||     4
  Eat: Chunk             |       |     4 |    13 ||    17
